 Dungeon Crawl Stone Soup version 0.21.1-1-g345015f (webtiles) character file.

4748 nightchill the Grappler (level 10, -2/76 HPs)
             Began as a Gnoll Transmuter on Apr 6, 2018.
             Was a Priest of Cheibriados.
             Slain by an orc knight
             ... wielding a +0 glaive
              (15 damage)
             ... in a bailey.
             The game lasted 00:37:25 (8184 turns).

nightchill the Grappler (Gnoll Transmuter)          Turns: 8184, Time: 00:37:26

Health: -2/76      AC:  8    Str: 23    XL:     10   Next: 46%
Magic:  20/20      EV: 18    Int: 26    God:    Cheibriados [***...]
Gold:   303        SH:  0    Dex: 22    Spells: 11/23 levels left

rFire    + . .     SeeInvis +   A - +0 whip (flame)
rCold    . . .     Gourm    .   (no shield)
rNeg     . . .     Faith    .   z - +2 leather armour {rF+}
rPois    .         Spirit   .   I - +0 helmet
rElec    .         Reflect  .   (no cloak)
rCorr    .         Harm     .   (no gloves)
MR       .....     Rnd*Rage +   G - +0 pair of boots
Stlth    +++.......             (no amulet)
HPRegen  0.22/turn              w - ring of see invisible
MPRegen  0.17/turn              p - +3 ring of intelligence

@: drained, very slow
A: distributed training, fangs 1, berserk 1, strong nose
a: Bend Time, Temporal Distortion, Renounce Religion


You were in a bailey.
You worshipped Cheibriados.
Cheibriados was most pleased with you.
You were not hungry.

You visited 2 branches of the dungeon, and saw 10 of its levels.
You also visited: Bailey.

You collected 303 gold pieces.

Inventory:

Hand Weapons
 e - a +0 dagger of venom
 h - a cursed -2 hunting sling
 k - a +0 hand axe
 n - a +0 blowgun
 A - a +0 whip of flaming (weapon)
 D - the +1 hand crossbow of the Sun {flame, *Contam rPois rC+++ Str-2}
   (You found it on level 6 of the Dungeon)

   It causes projectiles fired from it to burn those they strike, causing extra
   injury to most foes and up to half again as much damage against particularly
   susceptible opponents.
   It affects your strength (-2).
   It renders you almost immune to cold.
   It protects you from poison.
   It causes magical contamination when unequipped.
 J - a cursed +0 short sword of freezing
Missiles
 a - 55 arrows
 g - 232 stones (quivered)
 o - 41 poisoned needles
Armour
 b - a +0 robe
 z - a +2 leather armour of fire resistance (worn)
 G - a +0 pair of boots (worn)
 I - a +0 helmet (worn)
 N - a +0 chain mail of cold resistance
 O - a +1 ring mail of positive energy
Jewellery
 p - a +3 ring of intelligence (right hand)
 q - an uncursed ring of flight
 w - a ring of see invisible (left hand)
 y - an uncursed amulet of guardian spirit
Wands
 t - a wand of enslavement (9)
 B - a wand of disintegration (12)
 K - a wand of paralysis (19)
Scrolls
 l - 3 scrolls of teleportation
 m - a scroll of amnesia
 s - 5 scrolls of remove curse
 u - a scroll of blinking
 C - a scroll of enchant armour {unknown}
 E - a scroll of noise {unknown}
 H - a scroll of random uselessness {unknown}
 L - a scroll of magic mapping
 M - a scroll of torment {unknown}
Potions
 f - a potion of magic {unknown}
 i - 3 potions of flight
 r - a potion of curing
 v - a potion of lignification {unknown}
 x - a potion of brilliance
 F - 2 potions of might {unknown}
Books
 c - a book of Changes

   Spells                             Type                      Level
   a - Beastly Appendage              Transmutation                1
   b - Sticks to Snakes               Transmutation                2
   c - Spider Form                    Transmutation/Poison         3
   d - Ice Form                       Ice/Transmutation            4
   e - Blade Hands                    Transmutation                5
 j - a book of Minor Magic

   Spells                             Type                      Level
   a - Magic Dart                     Conjuration                  1
   b - Blink                          Translocation                2
   c - Call Imp                       Summoning                    2
   d - Slow                           Hexes                        2
   e - Conjure Flame                  Conjuration/Fire             3
   f - Mephitic Cloud                 Conjuration/Poison/Air       3
Comestibles
 d - 6 rations
 P - 2 chunks of flesh


   Skills:
 + Level 5.9(5.8) Fighting
 + Level 5.2(5.1) Short Blades
 + Level 5.2(5.1) Long Blades
 + Level 5.2(5.1) Axes
 + Level 5.2(5.1) Maces & Flails
 + Level 5.2(5.1) Polearms
 + Level 5.2(5.1) Staves
 + Level 5.2(5.1) Slings
 + Level 5.2(5.1) Bows
 + Level 5.2(5.1) Crossbows
 + Level 5.2(5.1) Throwing
 + Level 5.2(5.1) Armour
 + Level 7.0(6.9) Dodging
 + Level 5.2(5.1) Stealth
 + Level 5.2(5.1) Shields
 + Level 8.4(8.3) Unarmed Combat
 + Level 7.3(7.2) Spellcasting
 + Level 4.3(4.2) Conjurations
 + Level 4.3(4.2) Hexes
 + Level 4.3(4.2) Charms
 + Level 4.3(4.2) Summonings
 + Level 4.3(4.2) Necromancy
 + Level 4.3(4.2) Translocations
 + Level 5.8(5.7) Transmutations
 + Level 4.3(4.2) Fire Magic
 + Level 4.3(4.2) Ice Magic
 + Level 4.3(4.2) Air Magic
 + Level 4.3(4.2) Earth Magic
 + Level 4.3(4.2) Poison Magic
 + Level 5.7(5.6) Invocations
 + Level 5.2(5.1) Evocations


You had 11 spell levels left.
You knew the following spells:

 Your Spells              Type           Power        Failure   Level  Hunger
a - Beastly Appendage     Tmut           #####.       1%          1    None
b - Sticks to Snakes      Tmut           #####...     1%          2    None
c - Ice Form              Ice/Tmut       #####...     9%          4    ###....
d - Blade Hands           Tmut           #####.....   17%         5    #####..


Dungeon Overview and Level Annotations

Branches:
Dungeon (9/15)             Temple (1/1) D:5            Lair (0/6) D:8
    Orc: D:9-12

Altars:
Ashenzari
Cheibriados
Dithmenos
Elyvilon
Fedhas
Gozag
Kikubaaqudgha
Nemelex Xobeh
Trog
Uskayaw
Vehumet
Wu Jian
Xom
Yredelemnul
Zin
The Shining One

Annotations:
D:3 Solrac's ghost, amateur FoFi


Innate Abilities, Weirdness & Mutations

Your experience applies equally to all skills.
You have very sharp teeth.
Your uncanny sense of smell can sniff out nearby items.
You tend to lose your temper in combat.


Message History

The orc warrior shoots a bolt.
The bolt closely misses you.
The orc knight roars a battlecry!
The orcs go into a battle-frenzy!
The orc knight roars a battlecry!
The orc warriors go into a battle-frenzy!
The orc warrior closely misses you.
The orc warrior shouts!
The orc warrior shoots a bolt.
The bolt hits you. The orc barely misses you.
The orc warrior hits you from afar with a halberd!!
The orc warrior shoots a bolt.
The bolt misses you. The orc barely misses you.
You see here a bolt.
The orc knight hits you from afar with a glaive!!
* * * LOW HITPOINT WARNING * * *
The orc warrior hits you from afar with a halberd!
* * * LOW HITPOINT WARNING * * *
You see here a bolt.
Okay, then.
The orc knight barely misses you.
The orc knight hits you from afar with a glaive!
You die...

### #### ##∩##
####
....##...##....
≈≈≈..#...#..≈≈≈
≈o≈≈.......≈≈o≈
.oo≈..o.(..≈oo.
≈o≈≈.o.o(o.≈≈o≈
≈≈≈..#.((#..≈≈≈
..o. #.@.# ....
### ##∩## ###
###


You could see 3 orc knights, 3 orc warriors and 2 orcs.

Vanquished Creatures
  The ghost of Totori the Cleaver, a novice HOBe of Trog (D:8)
  Pikel (D:6)
  3 hippogriffs
  A wyvern (D:8)
  Eustachio (D:6)
  A yak (D:8)
  A hungry ghost (D:7)
  3 ice beasts
  3 porcupines (D:8)
  A slave (D:6)
  2 ogres (D:8)
  2 crocodiles
  2 big kobolds
  Blork the orc (D:6)
  2 bullfrogs (D:8)
  A scorpion (D:8)
  5 wights (D:7)
  2 howler monkeys
  7 crimson imps
  A jelly (D:8)
  2 bullfrog skeletons
  2 hounds (D:4)
  3 orc priests
  3 orc wizards
  2 centaur skeletons
  An iguana (D:8)
  5 worker ants
  2 hound skeletons
  7 adders
  2 shadow imps
  An ooze (D:4)
  An adder skeleton (D:6)
  5 worms
  3 dart slugs
  6 leopard geckos
  17 orcs
  2 ball pythons
  10 bats
  4 giant cockroaches
  8 goblins
  9 hobgoblins
  12 jackals
  15 kobolds
  3 quokkas
  2 frilled lizards (D:1)
  A jackal skeleton (D:2)
  A leopard gecko skeleton (D:7)
  A leopard gecko zombie (D:6)
  2 quokka zombies
  8 rats
  A rat zombie (D:5)
182 creatures vanquished.

Vanquished Creatures (collateral kills)
  A worker ant (D:4)
  2 worms
  A leopard gecko (D:2)
  A quokka (D:3)
  A bat (D:3)
  A frilled lizard (D:4)
7 creatures vanquished.

Vanquished Creatures (others)
  Menkaure (D:6)
  A worker ant (D:6)
  An orc (D:6)
  42 fungi (D:8)
  13 plants (D:8)
58 creatures vanquished.

Grand Total: 247 creatures vanquished

Notes
Turn   | Place    | Note
-------+----------+-------------------------------------------
     0 | D:1      | nightchill the Gnoll Transmuter began the quest for the Orb.
     0 | D:1      | Reached XP level 1. HP: 17/17 MP: 6/6
   280 | D:1      | Reached XP level 2. HP: 23/23 MP: 7/7
   500 | D:1      | Reached XP level 3. HP: 27/28 MP: 9/9
   524 | D:1      | Reached skill level 5 in Spellcasting
   765 | D:2      | Learned a level 2 spell: Sticks to Snakes
   849 | D:2      | Reached skill level 1 in Invocations
  1098 | D:2      | Reached skill level 1 in Short Blades
  1098 | D:2      | Reached skill level 1 in Long Blades
  1098 | D:2      | Reached skill level 1 in Axes
  1098 | D:2      | Reached skill level 1 in Maces & Flails
  1098 | D:2      | Reached skill level 1 in Polearms
  1098 | D:2      | Reached skill level 1 in Staves
  1098 | D:2      | Reached skill level 1 in Slings
  1098 | D:2      | Reached skill level 1 in Bows
  1098 | D:2      | Reached skill level 1 in Crossbows
  1098 | D:2      | Reached skill level 1 in Throwing
  1098 | D:2      | Reached skill level 1 in Armour
  1098 | D:2      | Reached skill level 1 in Stealth
  1098 | D:2      | Reached skill level 1 in Shields
  1098 | D:2      | Reached skill level 1 in Evocations
  1145 | D:2      | Reached XP level 4. HP: 34/34 MP: 11/11
  1987 | D:2      | Found a glowing golden altar of the Shining One.
  2032 | D:3      | Found a blossoming altar of Fedhas.
  2083 | D:3      | Reached skill level 1 in Conjurations
  2083 | D:3      | Reached skill level 1 in Hexes
  2083 | D:3      | Reached skill level 1 in Charms
  2083 | D:3      | Reached skill level 1 in Summonings
  2083 | D:3      | Reached skill level 1 in Necromancy
  2083 | D:3      | Reached skill level 1 in Translocations
  2083 | D:3      | Reached skill level 1 in Fire Magic
  2083 | D:3      | Reached skill level 1 in Ice Magic
  2083 | D:3      | Reached skill level 1 in Air Magic
  2083 | D:3      | Reached skill level 1 in Earth Magic
  2083 | D:3      | Reached skill level 1 in Poison Magic
  2206 | D:3      | Found a basalt altar of Yredelemnul.
  2240 | D:3      | Noticed Solrac's ghost (amateur FoFi)
  2980 | D:3      | Reached XP level 5. HP: 38/40 MP: 12/12
  3529 | D:4      | Found a shadowy altar of Dithmenos.
  3789 | D:4      | Reached XP level 6. HP: 36/47 MP: 13/13
  3976 | D:4      | Found a blossoming altar of Fedhas.
  4137 | D:5      | Entered Level 5 of the Dungeon
  4141 | D:5      | Found an ancient bone altar of Kikubaaqudgha.
  4214 | D:5      | Learned a level 4 spell: Ice Form
  4228 | D:5      | Found a staircase to the Ecumenical Temple.
  4240 | Temple   | Entered the Ecumenical Temple
  4291 | Temple   | Became a worshipper of Cheibriados the Contemplative
  4369 | D:5      | Reached skill level 5 in Dodging
  4478 | D:5      | Reached XP level 7. HP: 52/52 MP: 15/15
  4548 | D:5      | Found a shattered altar of Ashenzari.
  4693 | D:5      | Reached skill level 7 in Unarmed Combat
  5193 | D:6      | Found a shattered altar of Ashenzari.
  5342 | D:6      | Noticed Eustachio
  5357 | D:6      | Killed Eustachio
  5357 | D:6      | Reached XP level 8. HP: 56/60 MP: 12/16
  5506 | D:6      | Noticed Blork the orc
  5531 | D:6      | Killed Blork the orc
  5536 | D:6      | Reached * piety under Cheibriados
  5596 | D:6      | Noticed Pikel
  5627 | D:6      | Killed Pikel
  5675 | D:6      | Noticed Menkaure
  5887 | D:6      | Got a slimy hand crossbow
  5912 | D:6      | Killed Menkaure
  6076 | D:7      | Noticed a hippogriff
  6084 | D:7      | Killed a hippogriff
  6084 | D:7      | Reached skill level 5 in Transmutations
  6084 | D:7      | Reached XP level 9. HP: 66/66 MP: 13/18
  6363 | D:7      | Identified the cursed +1 hand crossbow of the Sun {flame, *Contam rPois rC+++ Str-2} (You found it on level 6 of the Dungeon)
  6411 | D:7      | Gained mutation: You tend to lose your temper in combat. [mutagenic glow]
  6736 | D:7      | Reached skill level 5 in Fighting
  6748 | D:7      | Reached ** piety under Cheibriados
  6879 | D:8      | Learned a level 5 spell: Blade Hands
  6959 | D:8      | Reached skill level 8 in Unarmed Combat
  7055 | D:8      | Reached skill level 5 in Invocations
  7059 | D:8      | Found a staircase to the Lair.
  7303 | D:8      | Reached XP level 10. HP: 74/74 MP: 11/20
  7633 | D:8      | Noticed Totori's ghost (novice HOBe)
  7646 | D:8      | Killed Totori's ghost
  7646 | D:8      | Reached skill level 5 in Short Blades
  7646 | D:8      | Reached skill level 5 in Long Blades
  7646 | D:8      | Reached skill level 5 in Axes
  7646 | D:8      | Reached skill level 5 in Maces & Flails
  7646 | D:8      | Reached skill level 5 in Polearms
  7646 | D:8      | Reached skill level 5 in Staves
  7646 | D:8      | Reached skill level 5 in Slings
  7646 | D:8      | Reached skill level 5 in Bows
  7646 | D:8      | Reached skill level 5 in Crossbows
  7646 | D:8      | Reached skill level 5 in Throwing
  7646 | D:8      | Reached skill level 5 in Armour
  7646 | D:8      | Reached skill level 5 in Stealth
  7646 | D:8      | Reached skill level 5 in Shields
  7646 | D:8      | Reached skill level 5 in Evocations
  8118 | D:9      | Reached *** piety under Cheibriados
  8169 | D:9      | Found a flagged portal.
  8178 | Bailey   | Entered a bailey
  8178 | Bailey   | Noticed an orc knight
  8178 | Bailey   | Noticed an orc knight
  8180 | Bailey   | Noticed an orc knight
  8184 | Bailey   | Slain by an orc knight

Skill      XL: |  1  2  3  4  5  6  7  8  9 10 |
---------------+-------------------------------+-----
Spellcasting   | 5 6 7 |  7.3
Invocations    | 1 2 3 4 5 |  5.7
Short Blades   | 1 2 3 4 5 |  5.2
Long Blades    | 1 2 3 4 5 |  5.2
Axes           | 1 2 3 4 5 |  5.2
Maces & Flails | 1 2 3 4 5 |  5.2
Polearms       | 1 2 3 4 5 |  5.2
Staves         | 1 2 3 4 5 |  5.2
Slings         | 1 2 3 4 5 |  5.2
Bows           | 1 2 3 4 5 |  5.2
Crossbows      | 1 2 3 4 5 |  5.2
Throwing       | 1 2 3 4 5 |  5.2
Armour         | 1 2 3 4 5 |  5.2
Stealth        | 1 2 3 4 5 |  5.2
Shields        | 1 2 3 4 5 |  5.2
Evocations     | 1 2 3 4 5 |  5.2
Conjurations   | 1 2 3 4 |  4.3
Hexes          | 1 2 3 4 |  4.3
Charms         | 1 2 3 4 |  4.3
Summonings     | 1 2 3 4 |  4.3
Necromancy     | 1 2 3 4 |  4.3
Translocations | 1 2 3 4 |  4.3
Fire Magic     | 1 2 3 4 |  4.3
Ice Magic      | 1 2 3 4 |  4.3
Air Magic      | 1 2 3 4 |  4.3
Earth Magic    | 1 2 3 4 |  4.3
Poison Magic   | 1 2 3 4 |  4.3
Fighting       | 3 4 5 |  5.9
Transmutations | 4 5 |  5.8
Dodging        | 5 6 7 |  7.0
Unarmed Combat | 7 8 |  8.4

Action                   |  1- 3 |  4- 6 |  7- 9 | 10-12 || total
-------------------------+-------+-------+-------+-------++-------
Melee: Unarmed           |   106 |   187 |   142 |    59 ||   494
       Bite              |    14 |    16 |    18 |     7 ||    55
       Punch             |     1 |     2 |     3 |       ||     6
       Whip              |       |       |    98 |    35 ||   133
Throw: Stone             |       |       |     2 |       ||     2
 Cast: Sticks to Snakes  |       |    27 |     3 |       ||    30
       Ice Form          |       |     1 |    16 |     5 ||    22
       Blade Hands       |       |       |       |     1 ||     1
Evoke: Wand              |       |       |     1 |       ||     1
  Use: Scroll            |       |     7 |     3 |       ||    10
       Potion            |       |       |     1 |     1 ||     2
 Stab: Sleeping          |     3 |     6 |     4 |     1 ||    14
       Distracted        |       |     1 |       |       ||     1
  Eat: Chunk             |     1 |     7 |     4 |     3 ||    15
       Ration            |       |     1 |     2 |       ||     3
Armor: Robe              |    13 |    29 |     1 |       ||    43
       Skin              |       |     5 |    20 |     7 ||    32
       Leather armour    |       |       |    26 |     4 ||    30
Dodge: Dodged            |    77 |   141 |   174 |    86 ||   478
